 Dungeon Crawl Stone Soup version 0.29.1-1-gd02db6906a (webtiles) character file.

Game seed: 17432184137720023071

44 drewk1942 the Cudgeller (level 3, -5/31 HPs)
             Began as a Hill Orc Fighter on Oct 11, 2022.
             Slain by a gnoll
             ... wielding a +0 spear
              (6 damage)
             ... on level 2 of the Dungeon.
             The game lasted 00:01:54 (1350 turns).

drewk1942 the Cudgeller (Hill Orc Fighter)          Turns: 1350, Time: 00:01:54

Health: -5/31      AC: 10    Str: 20    XL:     3   Next: 60%
Magic:  3/3        EV:  7    Int:  8    God:
Gold:   107        SH:  4    Dex: 10    Spells: 2/2 levels left

rFire   . . .      SeeInvis .   a - +0 flail
rCold   . . .      Faith    .   c - +0 buckler
rNeg    . . .      Spirit   .   i - +0 chain mail
rPois   .          Reflect  .   (no helmet)
rElec   .          Harm     .   l - +0 cloak
rCorr   .          Rampage  .   (no gloves)
Will    .....                   (no boots)
Stlth   ..........              (no amulet)
HPRegen 0.10/turn               (no ring)
MPRegen 0.08/turn               (no ring)

@: no status effects
A: no striking features
a: no special abilities


You were on level 2 of the Dungeon.
You visited 1 branch of the dungeon, and saw 2 of its levels.

You collected 107 gold pieces.

Inventory:

Hand Weapons
 a - a +0 flail (weapon)
Armour
 b - a +0 scale mail
 c - a +0 buckler (worn)
 i - a +0 chain mail (worn)
 l - a +0 cloak (worn)
Scrolls
 e - a scroll of summoning {unknown}
 f - a scroll of teleportation {unknown}
 h - 2 scrolls of enchant armour {unknown}
 j - a scroll of enchant weapon {unknown}
Potions
 d - a potion of might
 g - 2 potions of curing {unknown}
 k - a potion of mutation {unknown}


   Skills:
 - Level 3.6 Fighting
 + Level 4.2 Maces & Flails
 - Level 3.2 Armour
 - Level 3.2 Shields


You had 2 spell levels left.
You didn't know any spells.
Your spell library contained the following spells:

 Spells                   Type           Power      Damage    Failure   Level
 Portal Projectile        Hex/Tloc       0%         N/A       100%        3
 Tukima's Dance           Hex            0%         N/A       100%        3
 Blade Hands              Tmut           0%         N/A       100%        5


Dungeon Overview and Level Annotations

Branches:
Dungeon (2/15)

Altars:


Message History

You closely miss the gnoll. The gnoll hits you but does no damage.
You hit the gnoll.
The gnoll is lightly wounded.
The gnoll hits you with a +0 whip.
You hit the gnoll but do no damage.
The gnoll is lightly wounded.
The gnoll hits you with a +0 whip. The gnoll completely misses you.
You hit the gnoll but do no damage.
The gnoll is lightly wounded.
The gnoll hits you with a +0 whip.
You hit the gnoll.
The gnoll is heavily wounded.
The gnoll barely misses you.
You thump the gnoll!
You kill the gnoll!
You have reached level 3!
Your experience leads to an increase in your attributes!
Increase (S)trength, (I)ntelligence, or (D)exterity?
You feel stronger. x2
You thump the gnoll!
The gnoll is heavily wounded.
The gnoll barely misses you. You block the gnoll's attack.
You hit the gnoll.
You kill the gnoll!
Your Maces & Flails skill increases to level 4!
You hit the gnoll but do no damage. The gnoll barely misses you.
The gnoll hits you but does no damage.
You sock the gnoll!
The gnoll is severely wounded.
The gnoll hits you with a +0 flail.
* * * LOW HITPOINT WARNING * * *
The gnoll hits you from afar with a +0 spear.
* * * LOW HITPOINT WARNING * * *
You hit the gnoll.
You kill the gnoll!
The gnoll barely misses you.
The gnoll hits you from afar with a +0 spear.
* * * LOW HITPOINT WARNING * * *
The gnoll hits you with a +0 spear.
You die...

...................>.........
.####.#.##....)......)...[.#
.# #.#.##........†..........
.# #.#.##.................##
.# #.#...........#.##.#####
#####.#...........#.# .#####
...............####.# ......#
...##..........####.##......#
......^.........@g..........#
...##.#........####.##......#
...#####.......####.##......#
...#.###.......##...........#
............#####...g.......#
...............##...........#
...........###.##.........###
###.............###.#######
#..................#


You could see a gnoll.

Vanquished Creatures
  3 gnolls (D:2)
  A worm (D:2)
  An endoplasm (D:2)
  2 goblins
  2 hobgoblins (D:2)
  2 kobolds
  2 bats (D:1)
13 creatures vanquished.

Notes
Turn   | Place    | Note
-------+----------+-------------------------------------------
     0 | D:1      | drewk1942 the Hill Orc Fighter began the quest for the Orb.
     0 | D:1      | Reached XP level 1. HP: 19/19 MP: 1/1
   991 | D:1      | Found a faded altar of an unknown god.
  1119 | D:2      | Reached XP level 2. HP: 26/26 MP: 2/2
  1120 | D:2      | Reached skill level 3 in Maces & Flails
  1345 | D:2      | Reached XP level 3. HP: 12/31 MP: 3/3
  1347 | D:2      | Reached skill level 4 in Maces & Flails
  1349 | D:2      | HP: 1/31 [gnoll/+0 spear (4)]
  1350 | D:2      | Slain by a gnoll

Illustrated notes

Levels and vault maps discovered:
D:1:      lightli_arrival_boilingwater, layout_basic,
          shapermc_ecumenical_altar_acropolis
D:2:      layout_basic

Skill      XL: |  1  2  3 |
---------------+----------+-----
Maces & Flails | 3 4 |  4.2
Fighting       | |  3.6
Armour         | |  3.2
Shields        | |  3.2

Action                   || total
-------------------------++-------
Melee: Flail             ||    44
Armor: Chain mail        ||    24
       Scale mail        ||     1
Dodge: Dodged            ||    14
Block: Buckler           ||     7
